AoeStats
← arthur810416

Arena

509301347Analyzed
4v4 RM · 6d ago on Sep 26, 2026· 41m 48s· 8 players
Game mode
Random Map
Map size
Large (8 player)
Population
200
Speed
Normal
Resources
Standard
Victory
Conquest
Starting age
Dark Age
Ending age
Imperial Age
RankedLock teamsTeams togetherTeam positionsShared explorationLock speedFull tech treeHidden civsTurbo modeCheats
Victory
Defeat
🇨🇳 Italians · China
1145
+17
🇮🇳 Britons · India
1142
+17
🇹🇼 Persians · Taiwan
1128
+17
🇨🇳 Saracens · China
1109
+18
🇲🇽 Wu · Mexico
1337
-25
🇲🇽 Byzantines · Mexico
1153
-17
🇲🇽 Mongols · Mexico
1139
-16
🇲🇽 Persians · Mexico
1013
-11
arthur810416
10:19 Feudal Age
14:29 Castle Age
12:41 Double-Bit Axe
13:29 Horse Collar
15:10 Horse Collar
16:47 Wheelbarrow
16:36 Loom
21:55 Bow Saw
21:47 Heavy Plow
23:39 Hand Cart
28:21 Imperial Age
25:40 Town Watch
27:14 Masonry
27:15 Scale Barding Armor
27:21 Forging
27:30 Bloodlines
29:02 Ballistics
29:44 Chemistry
29:10 Town Patrol
29:34 Chain Barding Armor
29:31 Stone Mining
29:35 Gold Mining
29:22 Pikeman
30:16 Cavalier
30:57 Husbandry
31:21 Squires
31:28 Scale Mail Armor
32:04 Iron Casting
32:14 Halberdier
33:44 Savar
38:22 Conscription
37:24 Light Cavalry
38:43 Hussar
XX
11:11 Feudal Age
15:07 Castle Age
13:10 Double-Bit Axe
13:30 Horse Collar
16:20 Bow Saw
17:02 Wheelbarrow
16:13 Loom
23:22 Gold Mining
28:33 Imperial Age
26:33 Heavy Plow
27:10 Scale Barding Armor
27:16 Forging
28:13 Hand Cart
28:33 Coinage
29:23 Iron Casting
28:37 Town Watch
30:14 Two-Man Saw
29:08 Fletching
30:01 Conscription
30:30 Town Patrol
31:22 Husbandry
31:33 Bloodlines
32:46 Blast Furnace
32:07 Chain Barding Armor
31:40 Elite Mameluke
34:21 Hoardings
35:35 Banking
36:02 Capped Ram
38:17 Plate Barding Armor
37:38 Bodkin Arrow
37:56 Masonry
37:40 Siege Ram
38:51 Caravan
MAND_Dã quỳ
11:40 Feudal Age
12:12 Double-Bit Axe
12:24 Gold Mining
13:31 Gold Mining
13:27 Horse Collar
16:08 Castle Age
14:50 Stone Mining
17:45 Bow Saw
18:12 Gold Shaft Mining
17:40 Heavy Plow
22:24 Wheelbarrow
21:39 Loom
27:12 Imperial Age
24:34 Fletching
25:08 Padded Archer Armor
25:29 Bodkin Arrow
26:26 Leather Archer Armor
26:53 Ballistics
29:04 Chemistry
28:05 Bracer
29:39 Ring Archer Armor
29:59 Murder Holes
30:15 Masonry
30:04 Murder Holes
31:40 Elite Longbowman
32:47 Conscription
33:48 Architecture
35:50 Yeomen
Franxx
7:44 Loom
11:19 Feudal Age
15:03 Castle Age
13:17 Double-Bit Axe
13:36 Stone Mining
13:46 Horse Collar
14:48 Fletching
19:19 Gold Mining
21:22 Bow Saw
23:54 Treadmill Crane
26:32 Wheelbarrow
26:37 Bodkin Arrow
26:58 Masonry
29:19 Ballistics
28:48 Town Watch
29:08 Heavy Plow
32:58 Imperial Age
30:55 Padded Archer Armor
32:07 Stone Shaft Mining
34:07 Conscription
34:06 Hand Cart
35:35 Chemistry
35:16 Bracer
35:26 Thumb Ring
36:46 Architecture
36:45 Elite Genoese Crossbowman
38:59 Two-Man Saw
39:40 Leather Archer Armor
39:56 Town Patrol
41:12 Hoardings
41:21 Crop Rotation
41:32 Ring Archer Armor
xX DTI Xx pasa
11:27 Feudal Age
17:09 Castle Age
15:20 Double-Bit Axe
15:46 Horse Collar
16:57 Gold Mining
19:02 Wheelbarrow
18:12 Loom
18:41 Bow Saw
22:55 Heavy Plow
23:33 Gold Shaft Mining
24:04 Scale Barding Armor
24:16 Forging
26:35 Chain Barding Armor
26:51 Iron Casting
28:02 Hand Cart
32:39 Imperial Age
29:58 Town Watch
31:03 Town Patrol
31:39 Stone Mining
33:41 Plate Barding Armor
34:07 Blast Furnace
33:17 Husbandry
32:38 Cavalier
33:46 Bloodlines
34:59 Savar
39:45 Ballistics
40:25 Chemistry
39:27 Padded Archer Armor
39:18 Fletching
40:51 Leather Archer Armor
40:03 Elite Skirmisher
41:25 Bodkin Arrow
Halfah2595
10:52 Feudal Age
12:14 Loom
16:20 Castle Age
16:18 Gold Mining
16:15 Horse Collar
21:42 Imperial Age
20:10 Double-Bit Axe
24:15 Chemistry
28:24 Fletching
29:10 Conscription
28:50 Crossbowman
29:49 Bodkin Arrow
32:39 Thumb Ring
39:50 Hoardings
40:45 Bracer
Nataly_
9:23 Feudal Age
9:07 Loom
13:29 Castle Age
11:45 Double-Bit Axe
14:57 Bow Saw
21:47 Wheelbarrow
22:50 Hand Cart
28:29 Imperial Age
25:58 Fletching
28:08 Bodkin Arrow
28:25 Gold Mining
28:26 Stone Mining
30:01 Conscription
29:43 Bracer
30:21 Elite Fire Archer
34:26 Padded Archer Armor
35:45 Leather Archer Armor
36:52 Scale Mail Armor
37:03 Forging
37:42 Squires
40:12 Pikeman
CAFK
2:38 Loom
10:09 Feudal Age
15:05 Castle Age
13:27 Double-Bit Axe
13:54 Horse Collar
16:10 Bow Saw
19:44 Bloodlines
22:12 Heavy Plow
23:07 Husbandry
23:51 Gold Mining
25:32 Forging
26:12 Gold Shaft Mining
27:14 Wheelbarrow
26:58 Scale Barding Armor
29:24 Stone Mining
31:00 Hand Cart
34:50 Imperial Age
33:02 Ballistics
34:09 Iron Casting
34:38 Chain Barding Armor
34:58 Heavy Camel Rider
36:41 Blast Furnace
38:05 Fletching
39:12 Bodkin Arrow
Connection lost

Rejoining the realm…

Still unreachable

The connection could not be restored.

Session expired

The server has moved on; the page needs a fresh start.